[ PARTIDA AOE2 · #490086165 ]
UnrankedFrancos vs Vietnamese
[ ANÁLISIS DE REPETICIÓN · EXTRAÍDO DE LA PARTIDA GRABADA ]
Feudal
8:52
Castillos
21:43
Imperial
—
| APM promedio | 82.9 |
| APM pico | 166 |
| eAPM promedio | 38.0 |
| Aldeanos / militares | 61 / 33 |
Foco
⚔️ 65.0% · 🌾 35.0%
Knight ×17 · Scout Cavalry ×14 · Spearman ×2
Feudal
11:02
Castillos
25:37
Imperial
—
| APM promedio | 48.4 |
| APM pico | 93 |
| eAPM promedio | 25.4 |
| Aldeanos / militares | 68 / 60 |
Foco
⚔️ 43.8% · 🌾 56.2%
Archer ×58 · Spearman ×2
Feudal
11:46
Castillos
—
Imperial
—
| APM promedio | 55.0 |
| APM pico | 87 |
| eAPM promedio | 26.4 |
| Aldeanos / militares | 52 / 46 |
Foco
⚔️ 24.2% · 🌾 75.8%
Archer ×46
Feudal
11:06
Castillos
27:01
Imperial
—
| APM promedio | 64.3 |
| APM pico | 98 |
| eAPM promedio | 35.9 |
| Aldeanos / militares | 47 / 42 |
Foco
⚔️ 36.9% · 🌾 63.1%
Archer ×42
Feudal
10:57
Castillos
26:04
Imperial
—
| APM promedio | 45.6 |
| APM pico | 89 |
| eAPM promedio | 23.3 |
| Aldeanos / militares | 51 / 72 |
Foco
⚔️ 55.6% · 🌾 44.4%
Archer ×66 · Militia ×5 · Spearman ×1
Feudal
8:53
Castillos
27:08
Imperial
—
| APM promedio | 57.3 |
| APM pico | 102 |
| eAPM promedio | 28.3 |
| Aldeanos / militares | 61 / 31 |
Foco
⚔️ 45.8% · 🌾 54.2%
Scout Cavalry ×18 · Spearman ×7 · Knight ×6
Mapa de la partida
Recursos iniciales + cada clic de construcción. Líneas = muros · curvas = relieve. ◆ oro · ⬟ piedra · ● bayas · ✦ reliquia · ◌ hueco del cierre
Tu base· Abierta — hueco de 1t
Base de Tio GG león,la bruja y el roper· ✓ Cerrada en 25:37 · 40t muro · 1 puerta(s)
Base de ZEAN430· ✓ Cerrada en 26:44 · 55t muro · 2 puerta(s)
Base de The_Father_92· ✓ Cerrada en 27:01 · 19t muro · 1 puerta(s)
Base de Cyndaquil· ✓ Cerrada en 26:04 · 66t muro · 1 puerta(s)
Base de WKING· ✓ Cerrada en 27:08 · 28t muro · 1 puerta(s)
Terreno inicial suavizado · ◌ = hueco del cierre detectado · pasá el cursor para detalles
Inputs por minuto
— FMG | GreatMaty - - Tio GG león,la bruja y el roper
Build order — FMG | GreatMaty
Primeras 150 de 186 acciones detectadas
| 0:01 | Crear | Villager (Male) |
| 0:02 | Crear | Villager (Male) |
| 0:02 | Crear | Villager (Male) |
| 0:02 | Construir | House |
| 0:03 | Construir | House |
| 0:14 | Crear | Villager (Male) |
| 1:25 | Crear | Villager (Male) |
| 1:25 | Crear | Villager (Male) |
| 1:58 | Crear | Villager (Male) |
| 1:59 | Construir | Lumber Camp |
| 2:15 | Crear | Villager (Male) |
| 2:37 | Crear | Villager (Male) |
| 3:04 | Crear | Villager (Male) |
| 3:30 | Crear | Villager (Male) |
| 3:37 | Construir | House |
| 3:57 | Crear | Villager (Male) |
| 4:24 | Crear | Villager (Male) |
| 4:40 | Construir | Mill |
| 5:02 | Crear | Villager (Male) |
| 5:19 | Crear | Villager (Male) |
| 5:29 | Crear | Villager (Male) |
| 5:30 | Investigar | Loom |
| 6:27 | Investigar | Feudal Age |
| 7:39 | Construir | Barracks |
| 8:18 | Construir | House |
| 8:51 | Crear | Villager (Male) |
| 8:52 | Edad | Edad Feudal |
| 8:53 | Construir | Stable |
| 9:04 | Investigar | Double-Bit Axe |
| 9:06 | Crear | Villager (Male) |
| 9:07 | Construir | House |
| 9:18 | Construir | House |
| 9:23 | Construir | Farm |
| 9:30 | Crear | Villager (Male) |
| 9:36 | Crear | Scout Cavalry |
| 9:36 | Crear | Scout Cavalry |
| 9:49 | Crear | Villager (Male) |
| 9:53 | Construir | Farm |
| 10:03 | Construir | House |
| 10:10 | Construir | Farm |
| 10:23 | Crear | Villager (Male) |
| 10:23 | Crear | Scout Cavalry |
| 10:29 | Construir | Farm |
| 10:43 | Crear | Spearman |
| 10:47 | Construir | House |
| 10:49 | Construir | Palisade Wall |
| 10:53 | Crear | Villager (Male) |
| 11:01 | Crear | Scout Cavalry |
| 11:03 | Construir | House |
| 11:25 | Crear | Scout Cavalry |
| 11:25 | Crear | Villager (Male) |
| 11:37 | Crear | Villager (Male) |
| 11:40 | Construir | Farm |
| 11:41 | Construir | Farm |
| 11:43 | Construir | Farm |
| 12:04 | Crear | Villager (Male) |
| 12:05 | Construir | Farm |
| 12:16 | Crear | Spearman |
| 12:25 | Crear | Villager (Male) |
| 12:27 | Construir | Farm |
| 12:51 | Construir | House |
| 12:52 | Construir | Palisade Wall |
| 12:53 | Construir | Palisade Wall |
| 12:53 | Crear | Villager (Male) |
| 12:54 | Crear | Scout Cavalry |
| 13:13 | Construir | Farm |
| 13:14 | Construir | Farm |
| 13:16 | Construir | House |
| 13:18 | Construir | Palisade Wall |
| 13:25 | Crear | Scout Cavalry |
| 13:26 | Crear | Villager (Male) |
| 13:44 | Crear | Villager (Male) |
| 14:02 | Crear | Villager (Male) |
| 14:18 | Crear | Villager (Male) |
| 14:23 | Construir | House |
| 14:33 | Crear | Villager (Male) |
| 14:35 | Crear | Scout Cavalry |
| 14:45 | Construir | House |
| 14:46 | Crear | Scout Cavalry |
| 14:49 | Construir | Blacksmith |
| 14:55 | Construir | Lumber Camp |
| 15:04 | Crear | Scout Cavalry |
| 15:19 | Construir | Farm |
| 15:23 | Crear | Villager (Male) |
| 15:25 | Construir | House |
| 15:27 | Construir | Palisade Wall |
| 15:29 | Construir | Palisade Gate |
| 15:31 | Crear | Villager (Male) |
| 15:38 | Investigar | Wheelbarrow |
| 15:40 | Construir | Mining Camp |
| 15:48 | Construir | House |
| 15:52 | Construir | Palisade Wall |
| 16:27 | Construir | Farm |
| 16:57 | Crear | Villager (Male) |
| 16:59 | Construir | Farm |
| 17:00 | Construir | Farm |
| 17:00 | Construir | Farm |
| 17:00 | Construir | Farm |
| 17:03 | Construir | Farm |
| 17:49 | Crear | Villager (Male) |
| 17:53 | Construir | Stable |
| 18:14 | Crear | Villager (Male) |
| 19:03 | Investigar | Castle Age |
| 19:34 | Construir | Farm |
| 19:35 | Construir | Farm |
| 19:39 | Investigar | Scale Barding Armor |
| 19:40 | Crear | Scout Cavalry |
| 20:19 | Crear | Villager (Male) |
| 20:21 | Crear | Scout Cavalry |
| 20:21 | Crear | Scout Cavalry |
| 20:54 | Crear | Villager (Male) |
| 20:55 | Crear | Villager (Male) |
| 21:17 | Investigar | Forging |
| 21:18 | Crear | Scout Cavalry |
| 21:22 | Crear | Villager (Male) |
| 21:33 | Construir | House |
| 21:35 | Construir | House |
| 21:37 | Construir | House |
| 21:40 | Construir | House |
| 21:43 | Construir | House |
| 21:43 | Edad | Edad de los Castillos |
| 21:44 | Construir | Palisade Wall |
| 21:46 | Construir | Palisade Wall |
| 22:01 | Crear | Knight |
| 22:02 | Crear | Knight |
| 22:02 | Crear | Knight |
| 22:32 | Construir | Market |
| 22:38 | Crear | Knight |
| 22:39 | Crear | Knight |
| 23:10 | Construir | Town Center |
| 23:21 | Crear | Villager (Male) |
| 23:25 | Crear | Villager (Male) |
| 23:26 | Crear | Knight |
| 23:26 | Crear | Knight |
| 23:26 | Crear | Knight |
| 23:46 | Construir | Palisade Gate |
| 23:48 | Construir | Palisade Gate |
| 23:50 | Construir | House |
| 23:54 | Construir | Palisade Wall |
| 23:57 | Construir | Palisade Gate |
| 23:59 | Construir | House |
| 24:01 | Construir | Palisade Wall |
| 24:03 | Crear | Villager (Male) |
| 24:03 | Crear | Villager (Male) |
| 24:06 | Crear | Villager (Male) |
| 24:19 | Construir | Farm |
| 24:19 | Construir | Farm |
| 24:19 | Construir | Farm |
| 24:19 | Construir | Farm |
| 24:37 | Investigar | Bow Saw |
Build order — Tio GG león,la bruja y el roper
Primeras 150 de 197 acciones detectadas
| 0:01 | Investigar | Loom |
| 0:04 | Construir | House |
| 0:06 | Construir | House |
| 0:13 | Crear | Villager (Male) |
| 0:21 | Crear | Villager (Male) |
| 0:29 | Crear | Villager (Male) |
| 1:37 | Crear | Villager (Male) |
| 2:13 | Crear | Villager (Male) |
| 2:14 | Construir | Lumber Camp |
| 2:40 | Crear | Villager (Male) |
| 3:27 | Crear | Villager (Male) |
| 3:32 | Crear | Villager (Male) |
| 4:00 | Construir | House |
| 4:08 | Crear | Villager (Male) |
| 4:12 | Crear | Villager (Male) |
| 4:37 | Construir | Palisade Wall |
| 5:00 | Crear | Villager (Male) |
| 5:05 | Crear | Villager (Male) |
| 5:23 | Crear | Villager (Male) |
| 5:30 | Crear | Villager (Male) |
| 5:32 | Crear | Villager (Male) |
| 6:00 | Construir | House |
| 6:38 | Construir | Palisade Wall |
| 6:39 | Construir | Palisade Wall |
| 6:42 | Construir | House |
| 7:02 | Crear | Villager (Male) |
| 7:09 | Crear | Villager (Male) |
| 7:11 | Construir | House |
| 7:17 | Crear | Villager (Male) |
| 7:20 | Crear | Villager (Male) |
| 7:31 | Crear | Villager (Male) |
| 7:40 | Crear | Villager (Male) |
| 7:47 | Crear | Villager (Male) |
| 8:00 | Crear | Villager (Male) |
| 8:03 | Crear | Villager (Male) |
| 8:07 | Crear | Villager (Male) |
| 8:09 | Crear | Villager (Male) |
| 8:14 | Crear | Villager (Male) |
| 8:21 | Construir | Mill |
| 8:50 | Investigar | Feudal Age |
| 9:43 | Construir | Barracks |
| 9:53 | Construir | Mining Camp |
| 10:12 | Construir | House |
| 10:20 | Crear | Villager (Male) |
| 10:25 | Crear | Villager (Male) |
| 10:53 | Construir | House |
| 11:02 | Edad | Edad Feudal |
| 11:25 | Construir | Archery Range |
| 11:57 | Crear | Spearman |
| 11:59 | Crear | Villager (Male) |
| 12:05 | Construir | Archery Range |
| 12:09 | Construir | House |
| 12:10 | Crear | Archer |
| 12:14 | Crear | Villager (Male) |
| 12:40 | Construir | House |
| 12:42 | Crear | Archer |
| 12:44 | Crear | Spearman |
| 13:07 | Construir | Mill |
| 13:09 | Crear | Archer |
| 13:09 | Crear | Archer |
| 13:13 | Crear | Archer |
| 13:16 | Crear | Archer |
| 13:22 | Investigar | Double-Bit Axe |
| 13:26 | Construir | Palisade Wall |
| 13:37 | Crear | Archer |
| 13:38 | Crear | Villager (Male) |
| 13:38 | Crear | Villager (Male) |
| 13:50 | Crear | Archer |
| 14:06 | Construir | Blacksmith |
| 14:10 | Crear | Archer |
| 14:11 | Crear | Villager (Male) |
| 14:25 | Construir | Farm |
| 14:37 | Construir | Farm |
| 14:51 | Construir | House |
| 14:54 | Crear | Archer |
| 14:55 | Crear | Archer |
| 14:56 | Crear | Archer |
| 14:57 | Crear | Villager (Male) |
| 15:02 | Crear | Archer |
| 15:08 | Construir | House |
| 15:09 | Crear | Archer |
| 15:28 | Construir | Farm |
| 15:30 | Crear | Villager (Male) |
| 15:32 | Crear | Archer |
| 15:36 | Construir | Farm |
| 15:39 | Construir | House |
| 15:46 | Crear | Archer |
| 15:55 | Investigar | Fletching |
| 15:59 | Construir | Palisade Wall |
| 16:03 | Crear | Archer |
| 16:03 | Crear | Archer |
| 16:05 | Construir | House |
| 16:22 | Crear | Villager (Male) |
| 16:23 | Crear | Archer |
| 16:31 | Crear | Archer |
| 16:34 | Construir | Palisade Wall |
| 16:39 | Construir | Palisade Wall |
| 16:41 | Construir | Palisade Gate |
| 16:47 | Crear | Villager (Male) |
| 16:48 | Crear | Villager (Male) |
| 16:56 | Crear | Villager (Male) |
| 17:14 | Crear | Villager (Male) |
| 17:19 | Construir | Farm |
| 17:20 | Construir | Farm |
| 17:26 | Crear | Archer |
| 17:32 | Construir | House |
| 17:33 | Crear | Archer |
| 17:39 | Crear | Villager (Male) |
| 17:39 | Crear | Archer |
| 18:01 | Crear | Archer |
| 18:03 | Construir | House |
| 18:04 | Construir | House |
| 18:08 | Construir | Watch Tower |
| 18:13 | Crear | Archer |
| 18:24 | Construir | Market |
| 18:37 | Crear | Archer |
| 18:42 | Crear | Archer |
| 18:55 | Construir | House |
| 19:08 | Construir | House |
| 19:08 | Crear | Villager (Male) |
| 19:17 | Crear | Villager (Male) |
| 19:18 | Crear | Villager (Male) |
| 19:26 | Construir | House |
| 19:28 | Crear | Villager (Male) |
| 19:31 | Investigar | Wheelbarrow |
| 19:35 | Crear | Archer |
| 19:56 | Crear | Villager (Male) |
| 19:57 | Crear | Archer |
| 20:08 | Construir | House |
| 20:09 | Crear | Villager (Male) |
| 20:18 | Construir | Farm |
| 20:20 | Construir | Farm |
| 20:20 | Crear | Villager (Male) |
| 20:24 | Crear | Villager (Male) |
| 20:31 | Crear | Archer |
| 20:33 | Crear | Villager (Male) |
| 20:35 | Crear | Villager (Male) |
| 20:47 | Crear | Villager (Male) |
| 20:49 | Crear | Villager (Male) |
| 21:01 | Crear | Archer |
| 21:02 | Crear | Villager (Male) |
| 21:15 | Crear | Villager (Male) |
| 21:21 | Crear | Villager (Male) |
| 21:24 | Construir | House |
| 21:25 | Construir | House |
| 21:28 | Crear | Villager (Male) |
| 21:39 | Investigar | Town Watch |
| 21:40 | Crear | Villager (Male) |
| 22:43 | Construir | Lumber Camp |
| 22:57 | Investigar | Castle Age |
Build order — ZEAN430
Primeras 150 de 181 acciones detectadas
| 0:01 | Crear | Villager (Male) |
| 0:01 | Crear | Villager (Male) |
| 0:03 | Construir | House |
| 0:05 | Construir | House |
| 0:06 | Crear | Villager (Male) |
| 0:07 | Crear | Villager (Male) |
| 1:28 | Crear | Villager (Male) |
| 1:29 | Crear | Villager (Male) |
| 1:59 | Crear | Villager (Male) |
| 2:00 | Crear | Villager (Male) |
| 2:00 | Investigar | Loom |
| 2:17 | Crear | Villager (Male) |
| 3:19 | Crear | Villager (Male) |
| 3:22 | Construir | Mill |
| 3:41 | Crear | Villager (Male) |
| 4:39 | Crear | Villager (Male) |
| 5:02 | Crear | Villager (Male) |
| 5:35 | Construir | Farm |
| 5:38 | Crear | Villager (Male) |
| 5:39 | Crear | Villager (Male) |
| 5:43 | Construir | House |
| 6:06 | Crear | Villager (Male) |
| 6:29 | Crear | Villager (Male) |
| 6:30 | Crear | Villager (Male) |
| 6:30 | Crear | Villager (Male) |
| 6:45 | Crear | Villager (Male) |
| 7:52 | Construir | House |
| 8:03 | Crear | Villager (Male) |
| 8:08 | Construir | Palisade Wall |
| 8:42 | Crear | Villager (Male) |
| 8:46 | Construir | Lumber Camp |
| 8:50 | Crear | Villager (Male) |
| 9:15 | Construir | House |
| 9:19 | Construir | Palisade Wall |
| 9:29 | Investigar | Feudal Age |
| 9:29 | Investigar | Feudal Age |
| 10:32 | Construir | Barracks |
| 10:45 | Construir | Palisade Wall |
| 10:49 | Construir | Palisade Wall |
| 10:55 | Construir | Palisade Wall |
| 10:56 | Construir | Palisade Wall |
| 11:08 | Construir | Mining Camp |
| 11:27 | Construir | House |
| 11:46 | Edad | Edad Feudal |
| 11:48 | Crear | Villager (Male) |
| 11:59 | Crear | Villager (Male) |
| 12:13 | Construir | Archery Range |
| 12:23 | Construir | House |
| 12:33 | Construir | Palisade Wall |
| 12:40 | Crear | Villager (Male) |
| 12:52 | Construir | Palisade Wall |
| 12:55 | Crear | Archer |
| 12:56 | Crear | Archer |
| 12:59 | Crear | Villager (Male) |
| 13:17 | Construir | House |
| 13:22 | Construir | Palisade Wall |
| 13:26 | Crear | Villager (Male) |
| 13:28 | Investigar | Double-Bit Axe |
| 13:41 | Crear | Archer |
| 13:45 | Crear | Villager (Male) |
| 13:53 | Construir | Palisade Wall |
| 13:54 | Construir | Palisade Wall |
| 13:56 | Crear | Villager (Male) |
| 14:16 | Construir | Watch Tower |
| 14:22 | Construir | Lumber Camp |
| 14:50 | Crear | Villager (Male) |
| 14:54 | Construir | House |
| 14:57 | Construir | House |
| 15:02 | Construir | House |
| 15:06 | Construir | House |
| 15:12 | Construir | Palisade Wall |
| 15:29 | Construir | House |
| 15:39 | Crear | Villager (Male) |
| 15:40 | Crear | Archer |
| 15:41 | Crear | Archer |
| 15:41 | Crear | Archer |
| 16:13 | Crear | Villager (Male) |
| 16:16 | Construir | House |
| 16:21 | Crear | Villager (Male) |
| 16:41 | Construir | Blacksmith |
| 17:05 | Construir | House |
| 17:15 | Crear | Villager (Male) |
| 17:15 | Crear | Villager (Male) |
| 17:28 | Construir | Farm |
| 17:30 | Construir | House |
| 17:44 | Construir | Mining Camp |
| 17:50 | Construir | Farm |
| 18:21 | Construir | Palisade Gate |
| 18:34 | Construir | Archery Range |
| 18:44 | Construir | Farm |
| 18:48 | Construir | Farm |
| 18:49 | Construir | Farm |
| 18:53 | Construir | Farm |
| 19:05 | Crear | Archer |
| 19:06 | Crear | Archer |
| 19:06 | Crear | Archer |
| 19:06 | Crear | Archer |
| 19:07 | Crear | Archer |
| 19:07 | Crear | Archer |
| 19:13 | Crear | Villager (Male) |
| 19:13 | Crear | Villager (Male) |
| 19:13 | Crear | Villager (Male) |
| 19:39 | Crear | Archer |
| 19:40 | Crear | Archer |
| 19:40 | Crear | Archer |
| 19:40 | Crear | Archer |
| 19:41 | Crear | Archer |
| 19:41 | Crear | Archer |
| 19:41 | Crear | Archer |
| 19:41 | Crear | Archer |
| 19:58 | Construir | Farm |
| 20:05 | Investigar | Fletching |
| 20:05 | Investigar | Fletching |
| 20:06 | Crear | Archer |
| 20:06 | Crear | Archer |
| 20:06 | Crear | Archer |
| 20:21 | Construir | Lumber Camp |
| 20:33 | Construir | House |
| 20:38 | Crear | Villager (Male) |
| 20:38 | Crear | Villager (Male) |
| 20:43 | Crear | Archer |
| 20:43 | Crear | Archer |
| 20:44 | Crear | Archer |
| 20:44 | Crear | Archer |
| 20:44 | Crear | Archer |
| 20:44 | Crear | Archer |
| 20:47 | Crear | Villager (Male) |
| 21:13 | Construir | Farm |
| 21:16 | Construir | Farm |
| 21:37 | Investigar | Padded Archer Armor |
| 21:40 | Crear | Archer |
| 21:41 | Crear | Archer |
| 21:41 | Crear | Archer |
| 21:44 | Construir | Farm |
| 21:46 | Construir | Farm |
| 21:47 | Construir | Farm |
| 21:49 | Crear | Villager (Male) |
| 21:51 | Construir | House |
| 21:59 | Construir | Farm |
| 22:19 | Crear | Archer |
| 22:19 | Crear | Archer |
| 22:19 | Crear | Archer |
| 22:22 | Construir | Farm |
| 22:27 | Crear | Villager (Male) |
| 22:28 | Crear | Villager (Male) |
| 22:46 | Crear | Villager (Male) |
| 22:47 | Construir | Farm |
| 23:19 | Construir | Watch Tower |
| 23:44 | Crear | Archer |
| 23:45 | Crear | Archer |
Build order — The_Father_92
Primeras 150 de 177 acciones detectadas
| 0:02 | Crear | Villager (Male) |
| 0:02 | Crear | Villager (Male) |
| 0:02 | Crear | Villager (Male) |
| 0:03 | Construir | House |
| 0:04 | Construir | House |
| 0:15 | Crear | Villager (Male) |
| 1:22 | Crear | Villager (Male) |
| 2:04 | Crear | Villager (Male) |
| 2:15 | Crear | Villager (Male) |
| 2:39 | Crear | Villager (Male) |
| 2:44 | Construir | Lumber Camp |
| 3:04 | Crear | Villager (Male) |
| 3:28 | Crear | Villager (Male) |
| 3:35 | Construir | House |
| 3:50 | Crear | Villager (Male) |
| 4:15 | Construir | House |
| 4:17 | Crear | Villager (Male) |
| 4:40 | Investigar | Loom |
| 4:53 | Construir | House |
| 5:00 | Crear | Villager (Male) |
| 5:26 | Construir | Mining Camp |
| 5:33 | Crear | Villager (Male) |
| 5:36 | Crear | Villager (Male) |
| 5:42 | Crear | Villager (Male) |
| 6:09 | Crear | Villager (Male) |
| 6:31 | Crear | Villager (Male) |
| 7:41 | Crear | Villager (Male) |
| 7:55 | Construir | Mill |
| 8:56 | Investigar | Feudal Age |
| 10:11 | Construir | Barracks |
| 10:17 | Construir | Barracks |
| 10:59 | Construir | House |
| 11:00 | Construir | House |
| 11:05 | Crear | Villager (Male) |
| 11:06 | Edad | Edad Feudal |
| 11:07 | Crear | Villager (Male) |
| 11:09 | Construir | House |
| 11:15 | Construir | Archery Range |
| 11:45 | Crear | Villager (Male) |
| 11:53 | Construir | Archery Range |
| 11:56 | Construir | Palisade Wall |
| 12:04 | Construir | Palisade Wall |
| 12:23 | Crear | Villager (Male) |
| 12:43 | Construir | House |
| 12:44 | Construir | Palisade Wall |
| 12:45 | Construir | Palisade Wall |
| 12:46 | Construir | Palisade Wall |
| 12:47 | Construir | Palisade Wall |
| 12:51 | Crear | Archer |
| 12:51 | Crear | Archer |
| 12:51 | Crear | Archer |
| 12:53 | Crear | Villager (Male) |
| 13:01 | Construir | Farm |
| 13:03 | Construir | Farm |
| 13:11 | Construir | House |
| 13:22 | Investigar | Double-Bit Axe |
| 13:22 | Investigar | Double-Bit Axe |
| 13:43 | Construir | Palisade Wall |
| 13:45 | Construir | Palisade Wall |
| 13:54 | Crear | Villager (Male) |
| 13:55 | Construir | House |
| 14:02 | Construir | House |
| 14:04 | Construir | House |
| 14:06 | Construir | Palisade Wall |
| 14:14 | Construir | Palisade Wall |
| 14:22 | Crear | Villager (Male) |
| 14:50 | Construir | Blacksmith |
| 14:51 | Crear | Villager (Male) |
| 14:58 | Construir | Watch Tower |
| 15:07 | Crear | Archer |
| 15:07 | Crear | Archer |
| 15:17 | Crear | Villager (Male) |
| 15:33 | Construir | Farm |
| 15:41 | Investigar | Fletching |
| 15:42 | Crear | Archer |
| 15:43 | Crear | Archer |
| 15:51 | Construir | Palisade Wall |
| 15:58 | Construir | House |
| 15:59 | Construir | House |
| 16:02 | Crear | Archer |
| 16:02 | Crear | Archer |
| 16:13 | Crear | Villager (Male) |
| 16:22 | Crear | Archer |
| 16:25 | Crear | Archer |
| 16:26 | Crear | Archer |
| 16:30 | Crear | Villager (Male) |
| 16:42 | Construir | House |
| 16:47 | Crear | Villager (Male) |
| 16:57 | Crear | Archer |
| 16:57 | Crear | Archer |
| 17:07 | Construir | Farm |
| 17:13 | Crear | Archer |
| 17:13 | Crear | Archer |
| 17:15 | Crear | Villager (Male) |
| 17:17 | Construir | House |
| 17:20 | Construir | Palisade Wall |
| 17:24 | Crear | Archer |
| 17:24 | Crear | Archer |
| 17:37 | Crear | Archer |
| 17:45 | Construir | Farm |
| 17:56 | Construir | House |
| 18:02 | Construir | House |
| 18:05 | Crear | Villager (Male) |
| 18:43 | Crear | Villager (Male) |
| 18:58 | Construir | Market |
| 19:08 | Crear | Villager (Male) |
| 19:09 | Construir | Farm |
| 19:10 | Construir | Farm |
| 19:12 | Construir | Farm |
| 19:13 | Crear | Archer |
| 19:20 | Construir | Farm |
| 19:30 | Construir | Farm |
| 19:31 | Crear | Villager (Male) |
| 19:49 | Construir | Farm |
| 19:50 | Crear | Archer |
| 19:50 | Crear | Archer |
| 19:51 | Crear | Villager (Male) |
| 19:52 | Construir | House |
| 19:53 | Construir | House |
| 20:05 | Crear | Archer |
| 20:05 | Crear | Archer |
| 20:18 | Crear | Villager (Male) |
| 20:21 | Construir | House |
| 20:22 | Construir | House |
| 20:30 | Construir | Farm |
| 20:30 | Crear | Archer |
| 20:38 | Construir | Lumber Camp |
| 20:40 | Investigar | Padded Archer Armor |
| 20:40 | Investigar | Padded Archer Armor |
| 20:53 | Construir | Farm |
| 21:05 | Crear | Villager (Male) |
| 21:22 | Construir | Farm |
| 21:22 | Crear | Archer |
| 21:40 | Crear | Villager (Male) |
| 21:51 | Crear | Villager (Male) |
| 22:04 | Construir | Mining Camp |
| 22:13 | Crear | Archer |
| 22:13 | Crear | Archer |
| 22:23 | Crear | Villager (Male) |
| 22:39 | Crear | Villager (Male) |
| 23:15 | Construir | House |
| 23:26 | Construir | Farm |
| 23:29 | Crear | Villager (Male) |
| 23:39 | Construir | Farm |
| 24:21 | Investigar | Castle Age |
| 24:21 | Investigar | Castle Age |
| 24:27 | Construir | Farm |
| 24:45 | Construir | House |
| 24:46 | Construir | House |
| 24:51 | Crear | Archer |
Build order — Cyndaquil
Primeras 150 de 208 acciones detectadas
| 0:01 | Investigar | Loom |
| 0:01 | Crear | Villager (Male) |
| 0:01 | Crear | Villager (Male) |
| 0:02 | Construir | House |
| 0:04 | Construir | House |
| 0:12 | Crear | Villager (Male) |
| 1:12 | Construir | Palisade Wall |
| 1:14 | Construir | Palisade Wall |
| 1:20 | Construir | Palisade Wall |
| 1:21 | Construir | Palisade Wall |
| 1:23 | Construir | Palisade Wall |
| 1:27 | Crear | Villager (Male) |
| 2:00 | Crear | Villager (Male) |
| 2:22 | Crear | Villager (Male) |
| 2:29 | Construir | Lumber Camp |
| 2:45 | Crear | Villager (Male) |
| 3:21 | Crear | Villager (Male) |
| 3:40 | Construir | House |
| 3:51 | Crear | Villager (Male) |
| 4:08 | Crear | Villager (Male) |
| 4:35 | Construir | Mill |
| 4:41 | Crear | Villager (Male) |
| 5:01 | Construir | House |
| 5:10 | Crear | Villager (Male) |
| 5:48 | Crear | Villager (Male) |
| 6:12 | Crear | Villager (Male) |
| 6:13 | Crear | Villager (Male) |
| 6:29 | Construir | Barracks |
| 6:35 | Crear | Villager (Male) |
| 6:35 | Crear | Villager (Male) |
| 6:45 | Crear | Villager (Male) |
| 7:03 | Crear | Villager (Male) |
| 7:22 | Construir | Palisade Wall |
| 7:22 | Construir | Palisade Wall |
| 7:23 | Construir | Palisade Wall |
| 7:23 | Construir | Palisade Wall |
| 7:24 | Construir | Palisade Wall |
| 7:24 | Construir | Palisade Wall |
| 7:24 | Construir | Palisade Wall |
| 7:25 | Construir | Palisade Wall |
| 7:33 | Construir | House |
| 7:44 | Crear | Villager (Male) |
| 8:47 | Investigar | Feudal Age |
| 9:08 | Construir | Mining Camp |
| 9:39 | Construir | Farm |
| 9:43 | Crear | Militia |
| 10:06 | Construir | Farm |
| 10:16 | Crear | Militia |
| 10:16 | Crear | Militia |
| 10:36 | Crear | Militia |
| 10:36 | Crear | Militia |
| 10:57 | Edad | Edad Feudal |
| 11:03 | Construir | Archery Range |
| 11:05 | Construir | Archery Range |
| 11:22 | Crear | Villager (Male) |
| 11:22 | Crear | Villager (Male) |
| 11:39 | Crear | Villager (Male) |
| 11:41 | Construir | House |
| 11:55 | Crear | Villager (Male) |
| 12:10 | Construir | Watch Tower |
| 12:24 | Crear | Archer |
| 12:25 | Crear | Archer |
| 12:29 | Crear | Villager (Male) |
| 12:38 | Investigar | Man-at-Arms (upgrade) |
| 12:41 | Crear | Archer |
| 12:41 | Crear | Archer |
| 12:44 | Construir | Stone Wall |
| 12:46 | Construir | Stone Wall |
| 12:47 | Construir | Stone Wall |
| 12:54 | Crear | Archer |
| 12:54 | Crear | Archer |
| 13:00 | Crear | Villager (Male) |
| 13:00 | Crear | Villager (Male) |
| 13:08 | Construir | House |
| 13:12 | Construir | Palisade Wall |
| 13:29 | Crear | Villager (Male) |
| 13:30 | Crear | Archer |
| 13:30 | Crear | Archer |
| 13:37 | Investigar | Double-Bit Axe |
| 13:47 | Crear | Villager (Male) |
| 14:01 | Crear | Archer |
| 14:03 | Crear | Villager (Male) |
| 14:14 | Construir | Stone Wall |
| 14:21 | Crear | Archer |
| 14:22 | Crear | Archer |
| 14:25 | Crear | Villager (Male) |
| 14:47 | Crear | Archer |
| 14:47 | Crear | Archer |
| 14:49 | Crear | Villager (Male) |
| 14:50 | Construir | House |
| 14:57 | Crear | Archer |
| 14:57 | Crear | Archer |
| 15:18 | Crear | Villager (Male) |
| 15:21 | Construir | Blacksmith |
| 15:32 | Crear | Archer |
| 15:35 | Crear | Spearman |
| 15:41 | Construir | House |
| 15:41 | Construir | Palisade Wall |
| 15:45 | Crear | Archer |
| 15:45 | Crear | Archer |
| 15:52 | Construir | Farm |
| 15:57 | Construir | Farm |
| 16:20 | Construir | House |
| 16:24 | Construir | Palisade Wall |
| 16:28 | Crear | Archer |
| 16:28 | Crear | Archer |
| 16:31 | Crear | Villager (Male) |
| 16:37 | Construir | House |
| 16:38 | Construir | Palisade Wall |
| 16:39 | Construir | Palisade Wall |
| 16:43 | Investigar | Fletching |
| 17:07 | Crear | Villager (Male) |
| 17:17 | Construir | Lumber Camp |
| 17:19 | Crear | Villager (Male) |
| 17:21 | Construir | Farm |
| 17:30 | Crear | Archer |
| 17:31 | Crear | Archer |
| 17:37 | Construir | Palisade Gate |
| 17:39 | Construir | Palisade Wall |
| 17:47 | Construir | Farm |
| 17:48 | Construir | Farm |
| 17:55 | Crear | Archer |
| 17:55 | Crear | Archer |
| 17:56 | Crear | Villager (Male) |
| 18:13 | Crear | Villager (Male) |
| 18:13 | Crear | Archer |
| 18:14 | Crear | Archer |
| 18:20 | Construir | House |
| 18:34 | Crear | Villager (Male) |
| 18:35 | Crear | Archer |
| 18:35 | Crear | Archer |
| 18:39 | Crear | Villager (Male) |
| 19:01 | Crear | Villager (Male) |
| 19:03 | Construir | Market |
| 19:09 | Crear | Archer |
| 19:09 | Crear | Archer |
| 19:10 | Crear | Villager (Male) |
| 19:12 | Construir | House |
| 19:29 | Crear | Archer |
| 19:30 | Crear | Villager (Male) |
| 19:34 | Construir | Farm |
| 19:51 | Construir | House |
| 19:52 | Construir | Farm |
| 20:02 | Crear | Villager (Male) |
| 20:05 | Construir | Farm |
| 20:06 | Construir | Farm |
| 20:17 | Crear | Archer |
| 20:17 | Crear | Archer |
| 20:32 | Crear | Archer |
| 20:39 | Crear | Villager (Male) |
Build order — WKING
Primeras 150 de 188 acciones detectadas
| 0:03 | Crear | Villager (Male) |
| 0:03 | Crear | Villager (Male) |
| 0:03 | Crear | Villager (Male) |
| 0:04 | Crear | Villager (Male) |
| 0:04 | Construir | House |
| 0:05 | Construir | House |
| 1:28 | Crear | Villager (Male) |
| 2:00 | Crear | Villager (Male) |
| 2:26 | Crear | Villager (Male) |
| 2:48 | Crear | Villager (Male) |
| 2:57 | Crear | Villager (Male) |
| 2:58 | Crear | Villager (Male) |
| 3:19 | Crear | Villager (Male) |
| 3:34 | Construir | House |
| 3:39 | Construir | House |
| 4:05 | Crear | Villager (Male) |
| 4:05 | Crear | Villager (Male) |
| 4:14 | Crear | Villager (Male) |
| 4:35 | Construir | Mill |
| 4:50 | Crear | Villager (Male) |
| 4:58 | Crear | Villager (Male) |
| 4:58 | Crear | Villager (Male) |
| 4:58 | Crear | Villager (Male) |
| 6:23 | Investigar | Feudal Age |
| 7:43 | Construir | Barracks |
| 7:46 | Construir | House |
| 8:42 | Construir | Palisade Wall |
| 8:45 | Construir | Palisade Wall |
| 8:46 | Construir | Palisade Wall |
| 8:51 | Investigar | Loom |
| 8:53 | Edad | Edad Feudal |
| 8:55 | Crear | Villager (Male) |
| 9:11 | Construir | Stable |
| 9:42 | Investigar | Double-Bit Axe |
| 9:43 | Investigar | Horse Collar |
| 9:44 | Crear | Villager (Male) |
| 9:53 | Crear | Scout Cavalry |
| 9:55 | Construir | House |
| 10:03 | Construir | Farm |
| 10:04 | Crear | Villager (Male) |
| 10:06 | Crear | Scout Cavalry |
| 10:20 | Construir | Farm |
| 10:26 | Construir | Farm |
| 10:29 | Construir | House |
| 10:47 | Crear | Villager (Male) |
| 10:49 | Construir | Farm |
| 10:59 | Crear | Villager (Male) |
| 11:07 | Construir | Farm |
| 11:13 | Crear | Scout Cavalry |
| 11:26 | Construir | Farm |
| 11:34 | Crear | Villager (Male) |
| 11:49 | Crear | Spearman |
| 11:54 | Crear | Villager (Male) |
| 12:11 | Crear | Villager (Male) |
| 12:12 | Construir | Farm |
| 12:13 | Construir | Farm |
| 12:30 | Crear | Spearman |
| 12:33 | Construir | Farm |
| 12:36 | Crear | Villager (Male) |
| 12:59 | Crear | Villager (Male) |
| 13:02 | Construir | Farm |
| 13:04 | Crear | Villager (Male) |
| 13:11 | Crear | Villager (Male) |
| 13:20 | Construir | Farm |
| 13:32 | Crear | Scout Cavalry |
| 13:35 | Construir | House |
| 13:36 | Construir | Palisade Wall |
| 13:38 | Construir | Palisade Wall |
| 13:41 | Construir | Farm |
| 13:42 | Crear | Villager (Male) |
| 13:42 | Crear | Villager (Male) |
| 13:56 | Crear | Scout Cavalry |
| 14:07 | Construir | Farm |
| 14:08 | Construir | Farm |
| 14:12 | Construir | Palisade Wall |
| 14:15 | Crear | Scout Cavalry |
| 14:15 | Crear | Scout Cavalry |
| 14:28 | Construir | Farm |
| 14:33 | Construir | Farm |
| 14:36 | Crear | Villager (Male) |
| 14:38 | Construir | House |
| 14:48 | Construir | Farm |
| 14:52 | Crear | Scout Cavalry |
| 15:00 | Crear | Villager (Male) |
| 15:03 | Construir | Farm |
| 15:05 | Construir | House |
| 15:14 | Construir | Farm |
| 15:16 | Crear | Scout Cavalry |
| 15:16 | Crear | Scout Cavalry |
| 15:26 | Construir | House |
| 15:34 | Construir | Palisade Wall |
| 15:40 | Construir | Palisade Wall |
| 15:43 | Crear | Scout Cavalry |
| 15:43 | Crear | Scout Cavalry |
| 15:47 | Crear | Villager (Male) |
| 15:58 | Construir | House |
| 16:12 | Crear | Villager (Male) |
| 16:14 | Construir | Mule Cart |
| 16:25 | Construir | Farm |
| 16:26 | Crear | Villager (Male) |
| 16:26 | Crear | Scout Cavalry |
| 16:45 | Crear | Villager (Male) |
| 17:02 | Crear | Villager (Male) |
| 17:06 | Construir | Blacksmith |
| 17:08 | Crear | Scout Cavalry |
| 17:18 | Crear | Scout Cavalry |
| 17:23 | Crear | Villager (Male) |
| 17:27 | Construir | House |
| 17:28 | Construir | House |
| 17:31 | Construir | Palisade Gate |
| 17:34 | Construir | Palisade Wall |
| 17:42 | Investigar | Scale Barding Armor |
| 17:42 | Investigar | Scale Barding Armor |
| 17:46 | Crear | Villager (Male) |
| 17:48 | Construir | House |
| 18:02 | Crear | Villager (Male) |
| 18:12 | Crear | Scout Cavalry |
| 18:16 | Construir | Farm |
| 18:24 | Crear | Villager (Male) |
| 18:26 | Construir | Farm |
| 18:40 | Construir | Farm |
| 18:41 | Construir | Farm |
| 18:41 | Crear | Villager (Male) |
| 18:50 | Investigar | Bloodlines |
| 18:50 | Investigar | Bloodlines |
| 19:08 | Construir | Watch Tower |
| 19:10 | Construir | House |
| 19:14 | Construir | House |
| 19:16 | Crear | Villager (Male) |
| 19:17 | Construir | Palisade Wall |
| 19:18 | Construir | Palisade Wall |
| 19:19 | Crear | Villager (Male) |
| 19:19 | Crear | Villager (Male) |
| 19:24 | Crear | Scout Cavalry |
| 19:24 | Crear | Scout Cavalry |
| 19:34 | Construir | House |
| 19:36 | Crear | Villager (Male) |
| 19:39 | Construir | House |
| 19:44 | Construir | House |
| 19:51 | Construir | House |
| 20:42 | Construir | House |
| 20:47 | Construir | House |
| 20:49 | Construir | Palisade Wall |
| 21:30 | Crear | Villager (Male) |
| 21:30 | Crear | Villager (Male) |
| 21:33 | Crear | Villager (Male) |
| 21:35 | Crear | Villager (Male) |
| 21:36 | Crear | Villager (Male) |
| 21:36 | Crear | Villager (Male) |
| 22:24 | Crear | Villager (Male) |
Cronología de la partida
| 1:12 | Cyndaquil · wall_segment Palisade Wall x1 |
| 1:14 | Cyndaquil · wall_segment Palisade Wall x1 |
| 1:20 | Cyndaquil · wall_segment Palisade Wall x1 |
| 1:21 | Cyndaquil · wall_segment Palisade Wall x1 |
| 1:23 | Cyndaquil · wall_segment Palisade Wall x1 |
| 4:37 | Tio GG león,la bruja y el roper · wall_segment Palisade Wall x1 |
| 6:29 | Cyndaquil · first_building Barracks |
| 6:38 | Tio GG león,la bruja y el roper · wall_segment Palisade Wall x1 |
| 6:39 | Tio GG león,la bruja y el roper · wall_segment Palisade Wall x1 |
| 7:22 | Cyndaquil · wall_segment Palisade Wall x1 |
| 7:22 | Cyndaquil · wall_segment Palisade Wall x1 |
| 7:23 | Cyndaquil · wall_segment Palisade Wall x1 |
| 7:23 | Cyndaquil · wall_segment Palisade Wall x1 |
| 7:24 | Cyndaquil · wall_segment Palisade Wall x1 |
| 7:24 | Cyndaquil · wall_segment Palisade Wall x1 |
| 7:24 | Cyndaquil · wall_segment Palisade Wall x1 |
| 7:25 | Cyndaquil · wall_segment Palisade Wall x1 |
| 7:39 | FMG | GreatMaty · first_building Barracks |
| 7:43 | WKING · first_building Barracks |
| 8:08 | ZEAN430 · wall_segment Palisade Wall x7 |
| 8:42 | WKING · wall_segment Palisade Wall x1 |
| 8:45 | WKING · wall_segment Palisade Wall x1 |
| 8:46 | WKING · wall_segment Palisade Wall x1 |
| 8:52 | FMG | GreatMaty · age_up feudal |
| 8:53 | WKING · age_up feudal |
| 8:53 | FMG | GreatMaty · first_building Stable |
| 9:11 | WKING · first_building Stable |
| 9:19 | ZEAN430 · wall_segment Palisade Wall x14 |
| 9:43 | Tio GG león,la bruja y el roper · first_building Barracks |
| 10:11 | The_Father_92 · first_building Barracks |
| 10:32 | ZEAN430 · first_building Barracks |
| 10:45 | ZEAN430 · wall_segment Palisade Wall x3 |
| 10:49 | FMG | GreatMaty · wall_segment Palisade Wall x9 |
| 10:49 | ZEAN430 · wall_segment Palisade Wall x2 |
| 10:55 | ZEAN430 · wall_segment Palisade Wall x1 |
| 10:56 | ZEAN430 · wall_segment Palisade Wall x1 |
| 10:57 | Cyndaquil · age_up feudal |
| 11:02 | Tio GG león,la bruja y el roper · age_up feudal |
| 11:03 | Cyndaquil · first_building Archery Range |
| 11:06 | The_Father_92 · age_up feudal |
| 11:15 | The_Father_92 · first_building Archery Range |
| 11:25 | Tio GG león,la bruja y el roper · first_building Archery Range |
| 11:46 | ZEAN430 · age_up feudal |
| 11:56 | The_Father_92 · wall_segment Palisade Wall x1 |
| 12:04 | The_Father_92 · wall_segment Palisade Wall x5 |
| 12:13 | ZEAN430 · first_building Archery Range |
| 12:33 | ZEAN430 · wall_segment Palisade Wall x10 |
| 12:44 | The_Father_92 · wall_segment Palisade Wall x1 |
| 12:44 | Cyndaquil · wall_segment Stone Wall x1 |
| 12:45 | The_Father_92 · wall_segment Palisade Wall x1 |
| 12:46 | The_Father_92 · wall_segment Palisade Wall x1 |
| 12:46 | Cyndaquil · wall_segment Stone Wall x1 |
| 12:47 | The_Father_92 · wall_segment Palisade Wall x1 |
| 12:47 | Cyndaquil · wall_segment Stone Wall x1 |
| 12:52 | FMG | GreatMaty · wall_segment Palisade Wall x2 |
| 12:52 | ZEAN430 · wall_segment Palisade Wall x6 |
| 12:53 | FMG | GreatMaty · wall_segment Palisade Wall x1 |
| 13:12 | Cyndaquil · wall_segment Palisade Wall x11 |
| 13:18 | FMG | GreatMaty · wall_segment Palisade Wall x7 |
| 13:22 | ZEAN430 · wall_segment Palisade Wall x8 |
| 13:26 | Tio GG león,la bruja y el roper · wall_segment Palisade Wall x3 |
| 13:36 | WKING · wall_segment Palisade Wall x1 |
| 13:38 | WKING · wall_segment Palisade Wall x1 |
| 13:43 | The_Father_92 · wall_segment Palisade Wall x1 |
| 13:45 | The_Father_92 · wall_segment Palisade Wall x1 |
| 13:53 | ZEAN430 · wall_segment Palisade Wall x3 |
| 13:54 | ZEAN430 · wall_segment Palisade Wall x1 |
| 14:06 | The_Father_92 · wall_segment Palisade Wall x1 |
| 14:12 | WKING · wall_segment Palisade Wall x1 |
| 14:14 | Cyndaquil · wall_segment Stone Wall x1 |
| 14:14 | The_Father_92 · wall_segment Palisade Wall x1 |
| 15:12 | ZEAN430 · wall_segment Palisade Wall x1 |
| 15:27 | FMG | GreatMaty · wall_segment Palisade Wall x4 |
| 15:34 | WKING · wall_segment Palisade Wall x4 |
| 15:40 | WKING · wall_segment Palisade Wall x11 |
| 15:41 | Cyndaquil · wall_segment Palisade Wall x6 |
| 15:51 | The_Father_92 · wall_segment Palisade Wall x1 |
| 15:52 | FMG | GreatMaty · wall_segment Palisade Wall x1 |
| 15:59 | Tio GG león,la bruja y el roper · wall_segment Palisade Wall x15 |
| 16:24 | Cyndaquil · wall_segment Palisade Wall x15 |
| 16:34 | Tio GG león,la bruja y el roper · wall_segment Palisade Wall x9 |
| 16:38 | Cyndaquil · wall_segment Palisade Wall x9 |
| 16:39 | Tio GG león,la bruja y el roper · wall_segment Palisade Wall x10 |
| 16:39 | Cyndaquil · wall_segment Palisade Wall x9 |
| 17:20 | The_Father_92 · wall_segment Palisade Wall x1 |
| 17:34 | WKING · wall_segment Palisade Wall x4 |
| 17:39 | Cyndaquil · wall_segment Palisade Wall x1 |
| 19:17 | WKING · wall_segment Palisade Wall x1 |
| 19:18 | WKING · wall_segment Palisade Wall x1 |
| 20:49 | WKING · wall_segment Palisade Wall x1 |
| 21:19 | Cyndaquil · first_market_sell 500 wood |
| 21:20 | Cyndaquil · first_market_buy 500 food |
| 21:43 | FMG | GreatMaty · age_up castle |
| 21:44 | FMG | GreatMaty · wall_segment Palisade Wall x1 |
| 21:46 | FMG | GreatMaty · wall_segment Palisade Wall x1 |
| 22:08 | Tio GG león,la bruja y el roper · first_market_sell 100 wood |
| 22:09 | Tio GG león,la bruja y el roper · first_market_buy 100 food |
| 23:07 | The_Father_92 · first_market_buy 100 food |
| 23:23 | FMG | GreatMaty · first_market_buy 100 food |
| 23:23 | The_Father_92 · first_market_sell 100 wood |
| 23:24 | FMG | GreatMaty · first_market_sell 500 wood |
| 23:54 | FMG | GreatMaty · wall_segment Palisade Wall x1 |
| 24:01 | FMG | GreatMaty · wall_segment Palisade Wall x1 |
| 24:50 | FMG | GreatMaty · wall_segment Palisade Wall x1 |
| 25:22 | The_Father_92 · wall_segment Palisade Wall x3 |
| 25:37 | Tio GG león,la bruja y el roper · age_up castle |
| 25:49 | ZEAN430 · first_market_buy 100 stone |
| 25:49 | ZEAN430 · first_market_sell 100 stone |
| 26:04 | Cyndaquil · age_up castle |
| 26:27 | ZEAN430 · wall_segment Stone Wall x1 |
| 26:53 | Cyndaquil · first_building Siege Workshop |
| 27:01 | The_Father_92 · age_up castle |
| 27:08 | WKING · age_up castle |
| 28:03 | WKING · wall_segment Palisade Wall x1 |
| 28:08 | The_Father_92 · first_building Siege Workshop |
| 28:10 | Cyndaquil · wall_segment Palisade Wall x1 |
| 28:12 | WKING · resign |
| 28:12 | Cyndaquil · wall_segment Palisade Wall x1 |
[ ANÁLISIS IA · 1 CRÉDITO ]
¿Qué pasó realmente en esta partida?
Wolo.gg analiza cada decisión: build order, eco, micro, errores típicos por bracket. Análisis personalizado por WhatsApp o Discord en 30 segundos.
Guía civ
Francos
Perfil
Jugador #9082593